Map: Dusty Gorge

Players

PureLegacy - Winner!

  • Race: Terran Terran
  • Spawn Location: 9:00

brocraft - Winner!

  • Race: Terran Terran
  • Spawn Location: 11:00

RoyalGuard

  • Race: Protoss Protoss
  • Spawn Location: 3:00

JPacemaker

  • Race: Zerg Zerg
  • League: Diamond
  • Spawn Location: 5:00

VOD

Have the link to the VOD?

Description

Time

  • Played on: Nov. 23, 2018, 6:23 p.m.
  • Length: 18:19
Show
View Real Time Build Order
Export as new Build Order

PureLegacy Terran - Winner!

Build Orders: Reaper Expand 

Get SALT Encoding   

  12  0:00  SCV  
  13  0:12  SCV  
  14  0:17  Supply Depot  
  14  0:24  SCV  
  15  0:39  SCV  
  15  0:40  Barracks  
  16  0:44  Refinery  
  16  0:51  SCV  
  17  1:03  SCV  
  18  1:15  SCV  
  19  1:30  Reaper, Orbital Command  
  20  1:44  Command Center  
  20  1:53  Supply Depot  
  20  1:57  SCV  
  21  2:08  Barracks Reactor  
  21  2:09  Barracks  
  21  2:18  SCV  
  21  2:19  Barracks  
  22  2:27  Supply Depot  
  22  2:34  SCV  
  22  2:45  Marine x2  
  22  2:46  SCV  
  25  2:54  Refinery  
  25  2:56  Orbital Command  
  25  2:58  Barracks Tech Lab, SCV  
  25  3:03  Marine  
  25  3:04  Marine  
  28  3:07  Marine  
  28  3:09  Bunker  
  29  3:13  SCV  
  29  3:16  Stimpack  
  30  3:20  Marine  
  30  3:22  SCV  
  30  3:25  SCV  
  33  3:28  Marine  
  33  3:29  Marine x2  
  36  3:34  SCV  
  36  3:41  SCV  
  38  3:44  Factory  
  38  3:46  Marine  
  38  3:48  Marine x2  
  41  3:49  Marine  
  41  3:53  SCV x2  
  44  4:05  SCV x2  
  44  4:06  Engineering Bay  
  44  4:08  Supply Depot  
  46  4:10  Marine x3  
  46  4:11  Marine  
  50  4:22  SCV x2  
  52  4:32  Factory Reactor, Starport  
  52  4:35  SCV x2  
  52  4:36  Terran Infantry Weapons Level 1  
  54  4:41  Missile Turret x2  
  54  4:43  Barracks Reactor  
  54  4:44  Marine x3  
  57  4:47  SCV  
  57  4:49  SCV  
  57  4:52  Supply Depot  
  59  4:57  Barracks  
  59  5:01  Barracks  
  59  5:04  SCV  
  59  5:05  SCV  
  61  5:09  Supply Depot  
  61  5:16  SCV  
  61  5:17  SCV  
  61  5:18  Factory Tech Lab  
  61  5:19  Refinery  
  61  5:20  Refinery  
  63  5:22  Medivac x2  
  63  5:28  Supply Depot, SCV  
  68  5:32  SCV  
  69  5:38  Supply Depot  
  69  5:39  Siege Tank  
  69  5:41  Marine x5  
  77  5:49  Supply Depot, Barracks Reactor x2  
  77  5:52  SCV  
  77  5:54  Supply Depot  
  78  5:59  Combat Shield  
  78  6:04  Marine  
  78  6:05  Marine x4  
  83  6:11  Supply Depot  
  83  6:12  Supply Depot  
  83  6:17  Medivac x2  
  87  6:23  Marine x5  
  92  6:28  Siege Tank  
  95  6:35  Supply Depot  
  76  6:49  Marine x2  
  76  6:53  Marine x3  
  79  6:54  Medivac x2  
  79  6:58  Supply Depot  
  79  6:59  Marine x4, Command Center  
  86  7:03  Terran Infantry Armor Level 1  
  86  7:08  Marine x2  
  86  7:11  Marine x2  
  86  7:14  Siege Tank  
  93  7:20  Armory  
  93  7:23  Engineering Bay  
  93  7:24  Marine x2  
  94  7:46  Marine x6  
  94  7:47  Marine x3  
  102  7:58  Supply Depot  
  102  8:04  Marine  
  102  8:10  Marine x3  
  102  8:11  Marine x3  
  105  8:13  Siege Tank  
  105  8:14  Medivac x2  
  105  8:15  Terran Infantry Weapons Level 2  
  105  8:17  SCV x2  
  114  8:22  Marine x2  
  117  8:34  SCV x2  
  117  8:36  Marine x4  
  117  8:39  Orbital Command  
  122  8:43  Missile Turret  
  118  8:55  Medivac  
  118  8:56  Medivac  
  118  9:01  Marine x5  
  127  9:09  Marine x3  
  84  9:19  Marine  
  84  9:20  Siege Tank  
  88  9:24  Marine x5  
  88  9:25  Medivac  
  88  9:26  Medivac  
  88  9:27  Marine x3  
  100  9:32  SCV x2  
  100  9:33  SCV  
  100  9:36  Terran Infantry Armor Level 2, Marine  
  104  9:42  Marine x4  
  104  9:44  Liberator x2  
  102  9:54  Marine  
  102  9:55  Marine x4  
  102  9:57  Siege Tank  
  102  9:58  SCV x2  
  102  9:59  SCV  
  113  10:02  Marine x2  
  113  10:03  Marine  
  122  10:07  Refinery x2  
  122  10:23  Factory, SCV x3  
  122  10:24  Barracks  
  122  10:25  Barracks, Supply Depot  
  125  10:30  Supply Depot  
  125  10:33  Terran Infantry Weapons Level 3  
  125  10:38  Siege Tank  
  128  10:43  SCV x3  
  128  10:48  Liberator x2  
  128  10:51  Marine x2  
  130  11:03  SCV x3  
  132  11:07  Factory Tech Lab  
  138  11:11  Marine x3  
  138  11:12  Marine x2, Barracks Tech Lab  
  138  11:13  Barracks Tech Lab  
  138  11:15  Terran Vehicle Weapons Level 1  
  143  11:31  Liberator x2  
  114  11:40  Marine  
  114  11:41  Marine  
  114  11:44  Marine  
  114  11:45  Marine x4  
  114  11:46  Marine x2  
  117  11:47  Siege Tank x2  
  117  11:49  Marine x2  
  128  11:58  Marine x2  
  130  12:02  Marine x3  
  130  12:03  Marine x2  
  130  12:06  Fusion Core  
  135  12:08  Command Center  
  135  12:09  Starport  
  135  12:11  Terran Infantry Armor Level 3  
  135  12:17  SCV  
  135  12:20  Refinery  
  136  12:23  SCV x2  
  136  12:24  Refinery  
  136  12:25  Sensor Tower  
  136  12:29  SCV  
  139  12:30  Siege Tank  
  139  12:34  Liberator x2  
  139  12:35  SCV  
  127  12:50  Marine x2  
  124  12:57  Marine x2  
  124  12:58  Marine x3  
  133  13:01  Starport Tech Lab  
  133  13:02  SCV x2  
  133  13:03  SCV  
  136  13:08  Marine  
  136  13:09  Marine  
  136  13:10  Marauder x2  
  139  13:14  Siege Tank x2  
  139  13:19  SCV x3  
  148  13:25  Missile Turret, Planetary Fortress  
  146  13:36  Liberator x2  
  146  13:37  Liberator  
  132  13:46  Marine x7, Siege Tank x2  
  132  13:47  Marine, Marauder x2  
  139  13:48  Advanced Ballistics  
  148  14:05  Supply Depot, Starport  
  146  14:18  Terran Ship Weapons Level 1, Marine  
  146  14:19  Marine x5  
  146  14:20  Marauder  
  146  14:22  Marine x3  
  146  14:23  Marauder  
  159  14:26  Armory  
  159  14:34  Command Center  
  159  14:44  Marine x3  
  159  14:45  Marine x6  
  152  14:46  Marauder x2  
  152  14:47  Starport Reactor  
  135  15:00  Medivac x3  
  135  15:01  Siege Tank  
  135  15:02  Siege Tank  
  135  15:05  SCV x3  
  147  15:07  Refinery  
  147  15:10  Refinery, SCV  
  148  15:19  Liberator x3  
  148  15:20  Marine x5  
  148  15:21  Marine x4, Marauder x2  
  157  15:27  Terran Vehicle And Ship Armor Level 1  
  161  15:31  Liberator  
  161  15:32  Liberator  
  176  15:57  Siege Tank x2  
  176  15:58  Planetary Fortress  
  176  16:00  SCV  
  139  16:49  Marine x2  
  139  16:50  Marine x3  
  139  16:51  Marine, Siege Tank  
  161  16:59  Barracks x5  
  161  17:01  Barracks  
  137  17:15  Supply Depot  
  137  17:16  Missile Turret  
  130  17:33  Orbital Command  
  122  17:50  Barracks Tech Lab x3  
  122  17:51  Barracks Tech Lab x6  
  121  17:52  Starport Reactor x2  
Show
View Real Time Build Order
Export as new Build Order

brocraft Terran - Winner!

Build Orders: Mech 

Get SALT Encoding   

  12  0:01  SCV  
  13  0:13  SCV  
  14  0:19  Supply Depot  
  14  0:25  SCV  
  15  0:30  Refinery  
  15  0:40  SCV  
  16  0:47  Barracks  
  16  0:55  SCV  
  17  1:07  SCV  
  18  1:19  SCV  
  19  1:35  Reaper  
  19  1:37  Orbital Command  
  20  1:47  Refinery  
  20  1:52  Factory  
  20  2:00  Supply Depot  
  20  2:04  SCV  
  21  2:16  SCV  
  22  2:28  SCV  
  23  2:47  SCV  
  23  2:51  Command Center  
  24  2:52  Widow Mine  
  26  3:00  SCV  
  26  3:01  Starport  
  27  3:23  SCV  
  27  3:24  Marine  
  27  3:26  Widow Mine  
  31  3:30  Supply Depot  
  31  3:34  Armory  
  31  3:51  Medivac, Widow Mine  
  31  3:53  Supply Depot  
  34  4:06  Factory  
  34  4:07  Factory  
  34  4:10  SCV  
  34  4:11  SCV  
  36  4:20  Liberator  
  36  4:22  SCV  
  36  4:24  Marine  
  38  4:31  Orbital Command  
  38  4:34  Factory Tech Lab  
  41  4:41  Terran Vehicle Weapons Level 1  
  41  4:46  SCV  
  41  4:48  Marine  
  41  4:52  Factory Tech Lab  
  43  4:57  Refinery  
  43  4:58  SCV  
  43  4:59  Refinery  
  44  5:14  Siege Tank  
  41  5:43  Siege Tank  
  41  5:45  Widow Mine  
  41  5:48  Drilling Claws  
  47  5:50  SCV x2  
  46  6:00  Starport Tech Lab, Command Center  
  46  6:04  Siege Tank  
  49  6:08  Engineering Bay, SCV x2  
  49  6:10  Factory Reactor  
  51  6:16  Supply Depot  
  51  6:20  SCV x2  
  53  6:25  Siege Tank  
  56  6:33  Banshee  
  59  6:43  SCV  
  59  6:44  Terran Vehicle And Ship Armor Level 1  
  59  6:45  SCV  
  61  6:57  Widow Mine  
  61  6:58  Widow Mine  
  65  7:07  Supply Depot, SCV  
  66  7:09  Supply Depot  
  66  7:11  Cyclone  
  66  7:12  Cyclone, Armory  
  67  7:32  Orbital Command  
  67  7:34  SCV  
  68  7:40  Widow Mine x2  
  68  7:43  Thor  
  78  7:48  Refinery  
  78  7:52  Refinery, Banshee  
  81  8:00  Factory  
  81  8:02  Widow Mine x2  
  85  8:30  Cyclone, Widow Mine  
  85  8:33  Widow Mine  
  84  8:43  Supply Depot  
  84  8:44  Medivac  
  84  8:46  Supply Depot  
  84  8:47  Supply Depot  
  70  8:50  Missile Turret  
  70  8:52  Missile Turret  
  70  8:53  Missile Turret  
  68  8:56  Widow Mine x3  
  65  9:03  Widow Mine  
  54  9:18  Factory Reactor  
  54  9:19  Terran Vehicle Weapons Level 2, Widow Mine x2  
  54  9:22  SCV x2  
  58  9:31  Missile Turret  
  58  9:42  Thor, Siege Tank  
  58  9:44  Widow Mine x2  
  70  10:04  Widow Mine x2  
  70  10:05  Widow Mine x2  
  72  10:25  Widow Mine x2  
  76  10:29  SCV x2  
  78  10:37  Widow Mine x4  
  78  10:38  Corvid Reactor  
  78  10:41  SCV  
  87  10:45  Thor  
  87  10:46  Starport  
  87  10:47  Starport, Hellbat  
  75  11:12  Thor  
  69  11:21  Medivac  
  69  11:22  Widow Mine  
  69  11:23  Starport Reactor  
  69  11:25  Starport Reactor  
  73  11:29  SCV  
  73  11:30  SCV  
  75  11:43  Factory Tech Lab  
  75  11:46  Widow Mine x2  
  81  11:47  Liberator x2, Widow Mine  
  81  11:56  Siege Tank  
  81  11:58  Raven  
  89  12:01  Siege Tank  
  95  12:13  Liberator  
  95  12:28  Siege Tank  
  95  12:29  Widow Mine x2  
  102  12:30  Medivac  
  102  12:32  SCV x2  
  109  12:46  Supply Depot  
  109  12:47  Terran Vehicle Weapons Level 3  
  109  12:48  Medivac, SCV x2, Siege Tank  
  109  12:49  Supply Depot  
  117  12:58  SCV  
  117  13:07  Infernal Pre-Igniter, SCV  
  118  13:18  Siege Tank  
  121  13:20  Siege Tank  
  124  13:30  Liberator  
  124  13:47  Medivac  
  129  13:50  Siege Tank  
  129  13:52  Siege Tank  
  90  14:18  Widow Mine x4  
  90  14:22  Thor  
  102  14:24  Siege Tank  
  102  14:28  SCV  
  103  14:34  Command Center  
  103  14:37  Raven  
  105  14:39  Widow Mine  
  109  15:00  Widow Mine x4  
  109  15:01  Widow Mine  
  117  15:08  Viking x2  
  117  15:09  Viking x2  
  123  15:21  Missile Turret  
  123  15:23  Viking  
  123  15:25  SCV  
  126  15:38  Viking x2  
  78  16:16  Thor x2  
  78  16:17  Widow Mine x3  
  78  16:18  Viking x4  
  104  16:36  Planetary Fortress  
  104  16:38  Missile Turret  
  104  16:59  Siege Tank  
  88  17:19  Siege Tank  
  88  17:20  Viking x2, Widow Mine x2  
  95  17:31  Siege Tank  
Show
View Real Time Build Order
Export as new Build Order

RoyalGuard Protoss 

Build Orders: 1 Gate Expand, Blink Stalkers 

Get SALT Encoding   

  12  0:00  Probe  
  13  0:12  Probe  
  14  0:18  Pylon  
  14  0:24  Probe  
  15  0:33  Probe  
  15  0:40  Gateway  
  15  0:41  Probe  
  16  0:46  Assimilator  
  17  0:51  Probe  
  18  1:03  Probe  
  19  1:15  Probe  
  20  1:25  Nexus  
  20  1:27  Probe  
  21  1:40  Cybernetics Core  
  21  1:51  Probe  
  21  1:53  Assimilator  
  22  1:54  Pylon  
  22  1:59  Pylon  
  22  2:03  Probe  
  22  2:07  Adept  
  22  2:15  Probe  
  22  2:17  Warp Gate  
  25  2:27  Probe  
  24  2:44  Probe  
  24  2:47  Probe  
  24  2:49  Stalker  
  28  2:52  Probe  
  28  2:55  Probe  
  29  3:00  Probe  
  29  3:03  Pylon  
  29  3:05  Probe  
  31  3:07  Twilight Council  
  32  3:26  Blink  
  32  3:29  Probe x2  
  34  3:37  Stalker  
  36  3:43  Gateway  
  36  3:49  Gateway  
  36  3:51  Probe x2  
  38  3:59  Pylon  
  38  4:03  Probe x2  
  40  4:11  Probe x2  
  42  4:19  Probe x2  
  44  4:24  Pylon  
  44  4:26  Stalker  
  44  4:29  Probe x2  
  46  4:33  Pylon  
  46  4:37  Robotics Facility  
  48  4:41  Probe x2  
  48  4:44  Assimilator  
  50  4:49  Stalker  
  50  4:51  Assimilator  
  52  4:53  Probe x2  
  54  5:05  Probe x2  
  54  5:06  Forge  
  56  5:12  Forge  
  56  5:17  Probe  
  56  5:18  Stalker x2, Probe  
  56  5:19  Stalker  
  64  5:34  Protoss Ground Weapons Level 1, Protoss Ground Armor Level 1  
  62  5:40  Observer  
  57  5:47  Photon Cannon  
  57  5:49  Photon Cannon  
  57  5:50  Probe x2  
  59  6:02  Probe x2  
  61  6:16  Nexus  
  61  6:18  Photon Cannon, Pylon  
  61  6:20  Probe  
  61  6:21  Probe  
  63  6:29  Templar Archives  
  63  6:31  Pylon  
  57  6:57  Probe x2  
  57  6:59  Observer  
  60  7:11  Stalker x3  
  64  7:21  Observer  
  65  7:24  Probe x2  
  67  7:32  Photon Cannon  
  67  7:34  Probe, Psionic Storm  
  67  7:36  Probe x2  
  70  7:38  Stalker x3  
  76  7:46  Immortal  
  76  7:47  Probe  
  76  7:49  Gateway  
  76  7:50  Gateway  
  73  7:51  Gateway  
  77  8:04  Protoss Ground Armor Level 2  
  77  8:05  Protoss Ground Weapons Level 2  
  77  8:11  Probe x3  
  80  8:22  High Templar x3  
  86  8:32  Immortal  
  76  8:49  Stalker x3  
  76  8:52  Charge  
  82  8:57  Probe x3  
  82  8:59  Stalker x3  
  91  9:12  Archon  
  87  9:21  Immortal  
  87  9:22  Probe x3  
  87  9:24  Assimilator x2  
  94  9:25  Gateway  
  94  9:26  Pylon  
  94  9:27  Gateway  
  94  9:29  Zealot  
  94  9:30  Zealot x4  
  94  9:31  Pylon  
  104  9:32  High Templar  
  106  9:48  Nexus  
  106  9:50  High Templar, Pylon  
  106  9:51  High Templar, Zealot x3  
  116  9:59  Probe  
  118  10:00  Probe x2  
  118  10:02  Immortal  
  123  10:08  High Templar  
  123  10:11  Probe  
  123  10:12  Probe x2  
  128  10:15  Protoss Ground Weapons Level 3, Protoss Ground Armor Level 3  
  128  10:27  Zealot x4  
  132  10:32  Pylon  
  132  10:34  Pylon x2  
  132  10:36  Pylon  
  132  10:48  Robotics Facility  
  132  10:49  Pylon  
  132  10:50  Immortal, Pylon  
  132  10:51  Robotics Bay  
  132  10:53  Pylon, Zealot x5  
  132  10:54  Zealot x3  
  148  11:16  Zealot  
  148  11:17  Zealot x5  
  148  11:18  Zealot x2  
  130  11:33  Colossus x2  
  130  11:39  Archon  
  108  11:42  Zealot x3  
  108  11:43  High Templar x2  
  108  11:45  Zealot x2  
  124  11:50  Extended Thermal Lance  
  124  11:54  Assimilator  
  124  11:55  Assimilator  
  124  11:57  Photon Cannon x3, High Templar  
  126  12:08  High Templar x2  
  126  12:09  Zealot x3  
  130  12:26  Zealot  
  130  12:28  Colossus x2  
  112  12:47  Zealot x4  
  112  12:48  Zealot x4  
  122  12:52  Protoss Shields Level 1  
  122  13:10  Stalker x6  
  133  13:17  Zealot  
  135  13:20  Zealot  
  137  13:28  Colossus x2  
  149  13:35  High Templar  
  149  13:36  Zealot x3  
  131  13:45  High Templar x2  
  131  13:46  Zealot x2  
  135  13:54  Archon  
  113  13:57  Zealot x2  
  113  13:58  Zealot  
  115  14:07  Stalker x3  
  118  14:19  High Templar x2, Observer x2  
  118  14:20  High Templar  
  118  14:21  Zealot x2  
  128  14:30  Stalker x2  
  130  14:31  Zealot  
  132  14:42  Stalker  
  132  14:43  Stalker  
  132  14:44  Protoss Shields Level 2  
  130  14:46  Colossus x2  
  124  15:06  Zealot x2  
  124  15:07  Zealot x4  
  142  15:08  Zealot x2  
  152  15:26  Pylon  
  152  15:28  Immortal, Warp Prism, Pylon  
  152  15:29  Nexus  
  152  15:34  Stalker  
  152  15:35  Stalker x5  
  164  15:36  High Templar  
  164  15:38  High Templar  
  170  16:07  Stalker x4  
  170  16:08  Stalker x2  
  182  16:20  Stalker  
  157  16:38  High Templar x2  
  157  16:39  High Templar  
  149  16:40  High Templar  
  149  16:41  High Templar x2  
  147  16:54  Gateway  
  147  16:57  Gateway  
  147  16:59  Gateway, Cybernetics Core  
  147  17:00  Gateway  
  140  17:05  Gateway  
  120  17:21  Archon  
  108  17:25  Zealot x2  
  46  17:49  Zealot x3  
  36  17:53  Zealot  
  36  17:55  Zealot x2  
  31  18:04  Archon  
  25  18:06  Stalker  
  25  18:10  Zealot x2  
  25  18:11  Zealot  
Show
View Real Time Build Order
Export as new Build Order

JPacemaker Zerg 

Build Orders: Hatch First, Muta Ling Bane 

Get SALT Encoding   

  12  0:01  Drone  
  13  0:13  Overlord  
  13  0:18  Drone  
  14  0:31  Drone x2  
  14  0:35  Drone  
  17  0:57  Hatchery  
  17  0:58  Drone  
  17  1:12  Spawning Pool  
  17  1:13  Drone  
  17  1:16  Drone  
  18  1:20  Drone  
  18  1:25  Extractor  
  18  1:49  Overlord  
  18  1:59  Queen  
  20  2:02  Zergling x4  
  20  2:03  Overlord  
  22  2:13  Queen  
  22  2:14  Drone x2  
  26  2:26  Drone x2  
  26  2:28  Metabolic Boost  
  28  2:45  Drone  
  28  2:46  Drone x3  
  32  2:57  Drone x2  
  34  3:02  Baneling Nest  
  34  3:03  Drone  
  34  3:08  Zergling x2  
  35  3:19  Zergling x4  
  38  3:20  Zergling x4  
  39  3:34  Overlord  
  39  3:35  Overlord  
  39  3:39  Lair  
  39  3:43  Drone x2  
  39  3:44  Drone x2  
  43  3:49  Extractor  
  42  4:07  Drone x2  
  42  4:09  Drone x2  
  46  4:10  Drone  
  46  4:16  Extractor  
  45  4:21  Drone x3  
  45  4:23  Drone, Hatchery  
  48  4:32  Drone x2  
  48  4:36  Evolution Chamber, Queen  
  48  4:38  Overlord  
  51  4:39  Overlord  
  51  4:40  Drone x2  
  51  4:41  Drone  
  51  4:43  Drone  
  55  4:56  Overlord x2  
  55  5:00  Zergling x6  
  55  5:03  Centrifical Hooks, Zerg Melee Weapons Level 1  
  55  5:05  Zergling x6, Extractor  
  60  5:22  Zergling x6  
  60  5:23  Zergling x2  
  60  5:25  Drone x2  
  66  5:44  Queen, Spire  
  66  5:45  Drone x5  
  66  5:46  Drone  
  66  5:49  Spore Crawler  
  72  5:54  Drone x2  
  72  5:57  Drone x4  
  76  5:58  Drone x2  
  76  5:59  Drone  
  76  6:01  Extractor  
  80  6:04  Extractor  
  80  6:08  Baneling x4  
  80  6:09  Baneling x6  
  80  6:10  Zergling x2  
  80  6:23  Drone x2  
  80  6:24  Zergling x2  
  80  6:25  Zergling x12  
  88  6:26  Zergling x2  
  85  6:40  Zergling x10  
  80  6:49  Zergling x2  
  80  6:50  Zergling x2  
  80  6:52  Zergling x2  
  83  6:59  Drone x2  
  85  7:07  Overlord x3  
  85  7:13  Mutalisk  
  87  7:18  Mutalisk  
  87  7:19  Overlord  
  89  7:25  Mutalisk x2  
  89  7:26  Mutalisk x2  
  96  7:35  Baneling  
  96  7:36  Baneling x4  
  80  7:37  Mutalisk  
  80  7:38  Mutalisk x2  
  80  7:39  Zergling x8  
  80  7:42  Mutalisk  
  82  7:58  Zergling x2  
  79  8:07  Mutalisk x4  
  79  8:08  Zergling x2  
  79  8:11  Drone  
  89  8:19  Hatchery  
  88  8:22  Zergling x4  
  91  8:27  Zergling x6  
  91  8:29  Zergling x2  
  82  8:53  Zergling x2  
  82  8:54  Zergling x8  
  52  9:22  Zergling x4  
  54  9:31  Zergling x2  
  54  9:36  Hatchery  
  42  10:15  Zergling x6  
  41  10:48  Hatchery  
  30  11:05  Queen  
  30  11:07  Corruptor x3  
  30  11:08  Corruptor x2  
  42  11:15  Lair  
  42  11:20  Zergling x4  
  42  11:21  Zergling x2  
  45  11:33  Zergling x2  
  45  11:34  Zergling x2  
  47  11:41  Zergling x2  
  47  11:46  Corruptor  
  50  11:56  Drone x3  
  50  11:57  Drone  
  50  12:00  Corruptor  
  56  12:05  Drone  
  56  12:06  Drone  
  58  12:13  Corruptor x2  
  58  12:14  Corruptor  
  64  12:34  Baneling x5  
  46  13:00  Corruptor x3  
  46  13:01  Zergling x4  
  46  13:02  Zergling x14  
  46  13:03  Queen  
  63  13:10  Drone  
  62  13:21  Baneling x3  
  62  13:22  Baneling x6  
  62  13:23  Drone x2  
  62  13:24  Drone, Zergling x4  
  64  13:44  Corruptor x2  
  64  13:45  Corruptor  
  64  13:47  Zergling x10  
Tags
 
Add a new tag
Caveats
  • Supply blocks, unpowered buildings, or Contaminate may cause inaccurate times.
  • Supply counts are checked every 10 seconds.